 Dungeon Crawl Stone Soup version 0.32-a0-938-g40ac7a0f4d (webtiles) character file.

Game seed: 14343652862515618999

14 Aldia the Sneak (level 2, 0/15 HPs)
             Began as a Vampire Enchanter on Apr 16, 2024.
             Slain by a jackal (1 damage)
             ... on level 1 of the Dungeon.
             The game lasted 00:01:49 (510 turns).

Aldia the Sneak (Vampire Enchanter)                  Turns: 510, Time: 00:01:49

Health: 0/15       AC:  2    Str:  7    XL:     2   Next: 27%
Magic:  5/5        EV: 10    Int: 17    God:
Gold:   0          SH:  4    Dex: 14    Spells: 3/5 levels left

rFire   . . .        a - +1 dagger
rCold   + + .        h - +0 buckler
rNeg    + + +        b - +0 robe
rPois   ∞            (no helmet)
rElec   .            (no cloak)
rCorr   .            (no gloves)
SInv    +            (no boots)
Will    .....        (no amulet)
Stlth   +++++        (no ring)
HPRegen 0.00/turn    (no ring)
MPRegen 0.09/turn

%: no passive effects
@: bloodless, inhibited regen
A: bloodless, fangs 3, see invisible, vampiric 1
a: Revivify


You were on level 1 of the Dungeon.
You visited 1 branch of the dungeon, and saw 1 of its levels.

Inventory:

Hand Weapons
 a - a +1 dagger (weapon)
Armour
 b - a +0 robe (worn)
 h - a +0 buckler (worn)
Jewellery
 e - an amulet of guardian spirit
Scrolls
 d - a scroll of revelation {unknown}
 g - a scroll of enchant armour {unknown}
Potions
 c - 2 potions of invisibility
 f - a potion of curing {unknown}
 i - a potion of magic {unknown}


   Skills:
 * Level 1.8 Short Blades
 - Level 2.1 Dodging
 + Level 4.9 Stealth
 + Level 0.2 Shields
 - Level 2.0 Spellcasting
 - Level 4.5 Hexes
 + Level 0.1 Ice Magic


You had 3 spell levels left.
You knew the following spells:

 Your Spells              Type           Power      Damage    Failure   Level
a - Ensorcelled Hibernat  Hex/Ice        18%        N/A       19%         2

Your spell library contained the following spells:

 Spells                   Type           Power      Damage    Failure   Level
 Confusing Touch          Hex            17%        N/A       16%         3
 Tukima's Dance           Hex            17%        N/A       16%         3
 Dazzling Flash           Conj/Hex       18%        N/A       36%         3


Dungeon Overview and Level Annotations

Branches:
Dungeon (1/15)

Altars:

Shops:
D:1 ?


Innate Abilities, Weirdness & Mutations

You do not regenerate when monsters are visible.
You are frail without blood (-20% HP).
You can heal yourself when you bite living creatures.
You are immune to poison.
You have razor-sharp teeth.
You have supernaturally acute eyesight. (SInv)
You are afflicted with vampirism.


Message History

The hobgoblin shouts!
You block the quokka's attack.
You barely miss the quokka. You bite the quokka.
You kill the quokka!
Things that are here:
a +0 short sword; a kobold corpse You block the hobgoblin's attack.
You barely miss the hobgoblin.
The hobgoblin hits you but does no damage.
You hit the hobgoblin but do no damage.
A jackal comes into view.
You block the hobgoblin's attack.
You barely miss the hobgoblin. The hobgoblin hits you.
You barely miss the hobgoblin.
You bite the hobgoblin, but do no damage.
The hobgoblin hits you. The jackal barely misses you.
You are too injured to fight recklessly!
You are too injured to fight recklessly!
You are too injured to fight recklessly!
You hit the hobgoblin.
The hobgoblin is moderately wounded.
The hobgoblin hits you.
* * * LOW HITPOINT WARNING * * *
The jackal completely misses you.
You completely miss the hobgoblin.
The hobgoblin is moderately wounded.
The jackal bites you but does no damage.
The hobgoblin closely misses you.
You barely miss the hobgoblin. Your bite misses the hobgoblin.
The hobgoblin is moderately wounded.
The jackal closely misses you. The hobgoblin hits you.
* * * LOW HITPOINT WARNING * * *
The jackal barely misses you.
You hit the hobgoblin.
The hobgoblin is severely wounded.
The hobgoblin barely misses you. The jackal misses you.
You closely miss the hobgoblin.
The hobgoblin is severely wounded.
The jackal bites you.
You die...

#.# #.# ##.#.###.#. #.# #.#
#####.#.....#. #.# ### #.#
#.....#######. #.###.## #.#
#.#^#......... # #......# #.#
#.#....###..##
########.#####.### #.###### #..#
...............#.###.########..#
########.######h..##.#.........#
# #.# #.g@).............#
########.# #.....†##.#.######..#
#.)..†...# #.###.###.#.# #..##
..######## # ### #.#.# #.... #.#
#.#.# #.### #.# #.#.# #.# #.#
#?#.######.# ..# #.#........#
#.# ########.#


You could see a jackal and a hobgoblin.

Vanquished Creatures
  An endoplasm (D:1)
  A giant cockroach (D:1)
  2 goblins (D:1)
  A hobgoblin (D:1)
  2 quokkas (D:1)
  A ball python (D:1)
  A bat (D:1)
  2 kobolds (D:1)
  A rat (D:1)
12 creatures vanquished.

Notes
Turn   | Place    | Note
-------+----------+-------------------------------------------
     0 | D:1      | Aldia the Vampire Enchanter began the quest for the Orb.
     0 | D:1      | Reached XP level 1. HP: 13/13 MP: 3/3
   269 | D:1      | Reached XP level 2. HP: 15/15 MP: 5/5
   272 | D:1      | Learned a level 2 spell: Ensorcelled Hibernation
   388 | D:1      | Found Fodao's Magic Scroll Shoppe.
   510 | D:1      | Slain by a jackal

Illustrated notes

Levels and vault maps discovered:
D:1:      dpeg_arrival_yet_another_circle, layout_loops_ring,
          hellmonk_ecumenical_altar_inner_sanctum, serial_shops,
          nicolae_shop_rolled_up

Action                     || total
---------------------------++-------
  Melee: Dagger            ||    49
         Bite              ||     6
Ability: Exsanguinate      ||     1
   Stab: Sleeping          ||     5
 Armour: Robe              ||    18
  Dodge: Dodged            ||    23
  Block: Buckler           ||     5

Table legend: (Time is in decaauts)
 A = Elapsed time spent in this place.
 B = Non-inter-level travel time spent in this place.
 C = Inter-level travel time spent in this place.
 D = Time resting spent in this place.
 E = Time spent auto-exploring this place.
 F = Levels seen in this place.
 G = Mean time per level.
                   A        B        C        D        E       F      G
               +--------+--------+--------+--------+--------+-----+--------+
         Total |    508 |    508 |      0 |      0 |    369 |   1 |  508.0 |
       Dungeon |    508 |    508 |      0 |      0 |    369 |   1 |  508.0 |
               +--------+--------+--------+--------+--------+-----+--------+

Top non-repeatable levels by time:
     D:1: 508 daAuts
